Map: Acid Plant LE

Players

SpeCial - Winner!

  • Race: Terran Terran
  • Spawn Location: 5:00

Bunny

  • Race: Terran Terran
  • Spawn Location: 11:00

Event: IEM Season 12 - Katowice

VOD

Have the link to the VOD?

Description

Time

  • Played on: Feb. 27, 2018, 10:43 a.m.
  • Length: 21:30

All games in this series

Show
View Real Time Build Order
Export as new Build Order

SpeCial Terran - Winner!

Build Orders: Gas First Reaper Expand, Reaper Expand, Mech, Banshee Rush 

Get SALT Encoding   

  12  0:00  SCV  
  13  0:12  SCV  
  14  0:17  Supply Depot  
  14  0:24  SCV  
  15  0:28  Refinery  
  15  0:39  SCV  
  16  0:45  Barracks  
  16  0:51  SCV  
  17  1:03  SCV  
  18  1:15  SCV  
  19  1:32  Reaper, Orbital Command  
  20  1:43  Command Center  
  20  1:54  Factory  
  20  1:58  SCV  
  21  2:04  Marine  
  22  2:08  Supply Depot  
  22  2:12  SCV  
  23  2:15  Refinery  
  23  2:22  Barracks Tech Lab  
  23  2:30  SCV  
  24  2:38  Hellion  
  24  2:42  SCV, Starport  
  27  2:47  Marine  
  28  2:55  SCV  
  29  2:59  Hellion  
  29  3:01  Orbital Command  
  31  3:07  SCV, Marine  
  33  3:18  Cloaking Field, Banshee  
  36  3:25  Widow Mine  
  39  3:29  Bunker  
  39  3:30  Barracks Reactor  
  39  3:32  SCV  
  39  3:35  SCV  
  40  3:49  SCV  
  40  3:50  SCV  
  42  3:57  Command Center  
  42  3:59  Factory Tech Lab  
  42  4:02  SCV x2  
  43  4:07  Banshee  
  46  4:16  Supply Depot  
  46  4:33  Supply Depot  
  46  4:37  SCV x2, Siege Tank, Marine x2  
  53  4:49  SCV x2  
  52  4:55  Marine x2  
  52  4:56  Banshee  
  53  5:00  Refinery x2  
  53  5:01  SCV x2  
  55  5:07  Supply Depot  
  55  5:09  Siege Tank  
  55  5:10  Orbital Command  
  55  5:13  SCV x2, Marine x2  
  62  5:26  SCV x2  
  64  5:36  SCV  
  64  5:37  Marine x2  
  64  5:38  SCV x2  
  64  5:41  Siege Tank  
  75  5:48  SCV  
  73  5:50  SCV x2  
  75  5:57  Factory  
  75  5:58  Factory  
  75  5:59  Supply Depot  
  75  6:00  Supply Depot, Orbital Command  
  75  6:02  Supply Depot, SCV  
  75  6:03  Starport Reactor, SCV  
  77  6:13  Siege Tank  
  77  6:16  SCV x2  
  81  6:25  SCV, Armory x2  
  81  6:28  SCV x2  
  84  6:38  SCV  
  82  6:40  SCV x2  
  82  6:41  Engineering Bay  
  82  6:46  Siege Tank  
  87  6:47  Viking x2  
  87  6:50  SCV, Refinery  
  87  6:51  Refinery  
  87  6:52  SCV  
  87  6:53  SCV  
  93  6:54  Supply Depot  
  93  6:59  Hellion x2, Siege Tank  
  100  7:02  SCV  
  100  7:04  SCV  
  100  7:05  Supply Depot, SCV  
  100  7:06  Supply Depot  
  103  7:14  SCV  
  103  7:16  Missile Turret  
  103  7:17  Viking x2, SCV x2  
  109  7:26  SCV, Refinery  
  109  7:29  SCV  
  108  7:33  SCV  
  108  7:36  Refinery  
  103  7:38  SCV  
  103  7:40  Missile Turret, Hellion x2, Siege Tank  
  103  7:41  SCV  
  118  7:45  SCV  
  118  7:47  Command Center  
  118  7:49  Viking  
  118  7:50  SCV  
  122  7:52  Viking  
  122  7:53  SCV  
  124  8:07  Hellion x2  
  124  8:12  Siege Tank  
  130  8:15  Siege Tank  
  130  8:16  Starport  
  130  8:18  Starport  
  130  8:19  Fusion Core  
  127  8:20  SCV x2  
  127  8:24  Sensor Tower  
  127  8:25  SCV  
  130  8:32  SCV  
  129  8:37  Hellion x2  
  129  8:40  Supply Depot  
  129  8:41  Supply Depot, Terran Vehicle Weapons Level 1  
  133  8:42  Supply Depot  
  133  8:43  Supply Depot  
  133  8:44  Viking x2  
  133  8:45  Terran Vehicle And Ship Armor Level 1  
  131  8:53  SCV  
  128  9:00  Viking x2  
  128  9:09  Hellion x2  
  127  9:10  Missile Turret  
  127  9:14  Viking, Hellion x2  
  127  9:15  Viking  
  135  9:23  Missile Turret  
  131  9:30  Cyclone x2, Viking x2  
  141  9:35  Cyclone  
  141  9:36  Infernal Pre-Igniter  
  143  9:44  Missile Turret  
  143  9:45  Viking  
  145  9:50  Viking  
  145  9:52  SCV  
  141  9:59  SCV  
  139  10:00  Viking x2, SCV  
  139  10:04  Cyclone  
  146  10:07  SCV  
  146  10:12  SCV x2  
  145  10:15  Viking  
  145  10:19  SCV  
  145  10:20  Viking  
  145  10:21  Command Center  
  142  10:22  Hellion  
  142  10:24  SCV x2  
  142  10:27  Siege Tank  
  149  10:28  Liberator  
  149  10:30  Viking  
  149  10:31  SCV  
  149  10:32  Planetary Fortress  
  149  10:33  Refinery x2  
  152  10:36  Hellion  
  152  10:38  SCV  
  152  10:42  Liberator  
  137  10:50  Hellion x2  
  137  10:52  SCV  
  130  11:03  SCV x2  
  126  11:09  Hellion  
  126  11:10  SCV x2  
  124  11:13  Missile Turret  
  124  11:14  Hellion, Starport Tech Lab  
  124  11:15  Starport Reactor  
  124  11:17  Siege Tank  
  129  11:26  Terran Vehicle And Ship Armor Level 2, Terran Ship Weapons Level 1, Command Center  
  129  11:27  Liberator  
  129  11:28  Supply Depot x2, Viking  
  129  11:31  Hellion  
  132  11:40  SCV x2  
  132  11:42  Viking  
  132  11:43  Hellion  
  143  11:47  Advanced Ballistics  
  143  11:52  Hellion  
  143  11:53  Hellion x2  
  146  11:58  Viking  
  148  12:03  Viking x2  
  148  12:05  Hellion  
  154  12:12  Viking, Liberator x2  
  154  12:13  Hellion  
  154  12:14  Siege Tank x2  
  159  12:29  Hellion  
  165  12:35  Hellion, SCV x2  
  167  12:39  Viking  
  163  12:46  Siege Tank x2  
  163  12:50  Hellion  
  171  12:51  Starport  
  171  12:55  Starport  
  171  12:56  Hellion  
  167  12:59  Missile Turret  
  167  13:00  Missile Turret  
  167  13:06  Viking  
  167  13:07  Viking  
  167  13:09  Viking  
  167  13:11  Hellion  
  167  13:12  Viking  
  180  13:18  Siege Tank, Orbital Command  
  183  13:26  Refinery  
  180  13:31  Missile Turret, Refinery  
  180  13:35  Raven  
  180  13:36  Viking  
  180  13:37  Viking, Starport Tech Lab x2  
  180  13:39  Viking  
  181  13:42  Viking  
  181  13:48  Missile Turret  
  179  13:50  Missile Turret  
  179  13:53  Hellion x2  
  183  13:58  Viking x2  
  184  14:04  Corvid Reactor  
  184  14:06  Viking  
  184  14:07  Viking  
  184  14:09  Viking  
  190  14:12  Liberator  
  190  14:18  Viking, Raven  
  190  14:19  Liberator  
  190  14:23  Siege Tank x2  
  187  14:28  Viking  
  159  14:32  Hellion x2  
  159  14:34  Hellion x3  
  159  14:37  Liberator  
  138  14:53  Hellion  
  138  14:54  Hellion  
  138  14:58  Liberator  
  138  14:59  Siege Tank x2  
  127  15:04  Liberator  
  125  15:15  Hellion x2  
  125  15:18  Liberator  
  129  15:29  Liberator  
  129  15:32  Cyclone, Hellion, SCV  
  138  15:36  Hellion x2  
  140  15:49  Liberator x2  
  140  15:53  Hellion  
  135  15:58  Hellion  
  130  16:08  Hellion x2  
  130  16:13  SCV x2  
  129  16:23  SCV x2  
  129  16:25  SCV  
  132  16:28  Viking x2  
  132  16:31  Hellion x2  
  140  16:37  Siege Tank x2  
  146  16:46  Orbital Command  
  144  16:47  Liberator  
  144  16:49  SCV x3  
  144  16:53  Hellion  
  141  16:57  Sensor Tower  
  138  17:09  Siege Tank  
  137  17:21  SCV  
  126  17:25  Siege Tank  
  126  17:29  SCV  
  127  17:30  Orbital Command  
  127  17:35  SCV x2  
  126  17:40  Refinery  
  126  17:41  Siege Tank, Refinery  
  110  17:58  SCV x2  
  99  18:01  SCV  
  99  18:02  SCV  
  91  18:07  Viking x4  
  91  18:11  SCV  
  101  18:17  Viking  
  101  18:19  Hellion  
  104  18:26  Hellion, Siege Tank  
  109  18:35  Siege Tank  
  109  18:41  Hellion  
  114  18:42  Liberator  
  114  18:43  Refinery  
  114  18:47  Hellion  
  111  18:58  Siege Tank  
  111  19:02  Hellion  
  117  19:03  Missile Turret  
  117  19:07  Hellion  
  117  19:09  Hellion  
  117  19:12  SCV  
  117  19:13  SCV x2  
  117  19:15  Viking  
  116  19:18  SCV  
  117  19:25  SCV x2  
  117  19:28  Siege Tank  
  117  19:29  SCV  
  117  19:30  SCV  
  123  19:32  Hellion  
  123  19:33  Hellion  
  123  19:37  SCV  
  128  19:42  Siege Tank  
  131  19:46  Liberator  
  131  19:51  SCV x2  
  133  19:54  Hellion  
  130  20:00  Siege Tank  
  135  20:09  Refinery  
  135  20:13  Hellion  
  137  20:14  Hellion  
  137  20:15  Hellion  
  138  20:26  Supply Depot  
  134  20:32  Hellion  
  134  20:35  Hellion, Siege Tank  
  125  20:43  Hellion  
  121  20:50  SCV  
  121  20:51  SCV  
  121  20:54  Siege Tank  
  121  20:56  Hellion  
  128  21:05  Hellion  
  128  21:08  Hellion  
Show
View Real Time Build Order
Export as new Build Order

Bunny Terran 

Build Orders: Gas First Reaper Expand, Reaper Expand, Mech 

Get SALT Encoding   

  12  0:00  SCV  
  13  0:12  SCV  
  14  0:17  Supply Depot  
  14  0:24  SCV  
  15  0:29  Refinery  
  15  0:38  SCV  
  16  0:45  Barracks  
  16  0:50  SCV  
  17  1:02  SCV  
  18  1:15  SCV  
  19  1:32  Orbital Command  
  19  1:33  Reaper  
  20  1:45  Command Center  
  20  1:58  SCV  
  20  2:01  Factory  
  21  2:08  Barracks Reactor  
  21  2:10  SCV  
  22  2:15  Supply Depot  
  22  2:22  SCV  
  23  2:23  Refinery  
  23  2:37  SCV  
  24  2:49  SCV  
  24  2:51  Hellion x2  
  29  2:57  Orbital Command  
  29  3:01  SCV  
  30  3:10  Supply Depot  
  30  3:12  Cyclone x2  
  36  3:14  SCV  
  37  3:22  SCV  
  37  3:26  SCV  
  39  3:34  SCV  
  39  3:38  SCV  
  41  3:46  Supply Depot  
  41  3:47  Cyclone x2  
  47  3:50  SCV  
  47  3:51  SCV  
  49  4:00  Command Center  
  49  4:03  SCV x2  
  49  4:08  Engineering Bay  
  51  4:15  SCV x2, Refinery  
  53  4:22  Cyclone  
  56  4:28  Cyclone  
  56  4:29  SCV  
  56  4:30  SCV  
  61  4:39  Missile Turret  
  61  4:44  SCV  
  62  4:49  Missile Turret  
  62  4:56  Refinery  
  62  5:01  Supply Depot  
  62  5:09  Factory  
  62  5:10  Starport  
  62  5:12  SCV x2  
  62  5:13  Factory Tech Lab  
  64  5:14  Orbital Command  
  64  5:16  Barracks Reactor  
  64  5:24  SCV x2  
  65  5:36  SCV x2  
  67  5:44  SCV  
  67  5:46  Siege Tank  
  67  5:48  SCV x2  
  73  5:51  Supply Depot  
  73  5:52  Armory  
  73  5:56  SCV  
  72  6:00  Viking, SCV x2  
  74  6:04  Viking  
  74  6:11  Orbital Command  
  76  6:12  SCV  
  76  6:19  Siege Tank  
  76  6:22  Hellion x2  
  83  6:29  SCV  
  83  6:30  Viking  
  85  6:34  Viking  
  85  6:37  SCV x2  
  89  6:40  Missile Turret  
  89  6:46  Factory  
  89  6:51  Hellion x2  
  93  6:56  Supply Depot  
  93  6:57  Siege Tank  
  93  6:59  Terran Vehicle Weapons Level 1  
  93  7:00  Supply Depot, SCV x2  
  98  7:06  Viking  
  100  7:10  SCV  
  100  7:14  Refinery  
  101  7:16  Supply Depot  
  101  7:18  Viking, SCV  
  101  7:19  Liberator  
  104  7:25  SCV  
  104  7:26  SCV  
  106  7:30  SCV  
  106  7:34  Factory Tech Lab  
  106  7:35  Hellion  
  106  7:36  Hellion  
  111  7:38  SCV x2  
  111  7:40  Refinery  
  111  7:42  SCV  
  114  7:45  Starport  
  114  7:48  Viking  
  116  7:55  Siege Tank  
  116  7:57  Supply Depot  
  117  8:00  SCV x3  
  114  8:11  Siege Tank  
  114  8:12  SCV x3  
  120  8:16  Hellion x2  
  120  8:19  Viking x2  
  128  8:22  Supply Depot  
  128  8:23  Supply Depot  
  128  8:24  Viking  
  130  8:27  Siege Tank  
  133  8:40  Supply Depot  
  133  8:41  Supply Depot  
  133  8:42  Supply Depot  
  133  8:49  Viking  
  133  8:52  Viking  
  133  8:53  Command Center  
  133  8:54  Starport  
  127  9:07  Siege Tank x2  
  127  9:09  Hellion x2  
  129  9:11  Viking  
  129  9:15  Liberator  
  131  9:19  Viking  
  128  9:24  Terran Vehicle Weapons Level 2  
  128  9:26  Barracks  
  128  9:27  Armory  
  128  9:36  Starport Reactor  
  131  9:39  Hellion x2, Starport  
  131  9:44  Liberator  
  135  9:47  Siege Tank  
  130  10:02  Viking  
  130  10:05  Hellion x2  
  138  10:08  Cyclone  
  138  10:14  SCV x3  
  140  10:22  Viking  
  140  10:23  Viking  
  140  10:27  Viking  
  146  10:30  Hellion, Siege Tank  
  146  10:32  Supply Depot  
  146  10:33  SCV x3  
  154  10:47  Hellion x2  
  143  10:52  Viking x3  
  127  11:03  Siege Tank  
  110  11:08  Siege Tank  
  110  11:10  Planetary Fortress  
  99  11:12  Hellion x2  
  99  11:14  SCV x3  
  105  11:19  Viking  
  105  11:22  Viking  
  109  11:26  SCV x2  
  109  11:27  SCV  
  111  11:34  Hellion x2  
  111  11:36  Siege Tank  
  118  11:43  Viking, Factory  
  118  11:45  Viking  
  122  11:51  Viking, Refinery x2  
  122  11:54  Viking  
  126  11:55  Hellion x2  
  130  12:04  Terran Vehicle And Ship Armor Level 1  
  130  12:08  Terran Ship Weapons Level 1  
  130  12:16  Hellion, Siege Tank  
  130  12:17  Hellion  
  130  12:18  Viking  
  137  12:23  Cyclone  
  140  12:31  Viking  
  140  12:33  Viking  
  140  12:35  Viking  
  143  12:40  SCV x2  
  135  12:44  Cyclone, Command Center  
  135  12:48  Viking  
  135  12:51  Viking  
  140  12:58  SCV x3  
  137  13:01  Cyclone, Viking  
  137  13:05  Cyclone  
  147  13:09  Viking  
  147  13:10  SCV  
  150  13:18  Cyclone  
  150  13:19  Cyclone  
  154  13:34  Hellion, SCV  
  154  13:35  SCV x2  
  154  13:37  Siege Tank  
  154  13:38  Viking  
  154  13:51  Hellion x2  
  159  13:55  Hellion  
  159  14:00  Viking  
  161  14:07  Viking  
  161  14:09  Hellion  
  165  14:12  Hellion x2  
  165  14:17  Hellion  
  156  14:31  Hellion  
  127  14:33  Cyclone x2  
  127  14:38  Cyclone  
  119  14:39  Hellion  
  109  14:52  Cyclone  
  103  15:05  Cyclone x2  
  105  15:10  Cyclone  
  108  15:24  Cyclone, Viking  
  108  15:25  Viking  
  108  15:26  Viking  
  108  15:27  Rapid Fire Launchers  
  117  15:30  Cyclone  
  120  15:37  Cyclone  
  123  15:44  Cyclone x2  
  126  15:55  Viking x2  
  126  15:56  Viking  
  132  16:10  Cyclone  
  122  16:13  Cyclone x2  
  122  16:15  Viking  
  125  16:23  SCV x4  
  129  16:35  SCV x3  
  129  16:36  Viking x3  
  129  16:41  Viking  
  129  16:43  Hellion  
  130  16:55  Cyclone  
  130  17:00  Cyclone  
  136  17:17  Cyclone x2  
  139  17:26  Cyclone  
  139  17:27  Cyclone  
  139  17:29  Viking  
  129  17:36  Cyclone  
  104  17:58  Viking  
  104  18:02  Siege Tank x2  
  104  18:04  Hellion x2  
  109  18:06  SCV x3  
  109  18:11  Hellion  
  114  18:17  Orbital Command  
  114  18:25  Hellion  
  114  18:35  Hellion x2  
  117  18:48  Siege Tank x2  
  119  18:50  SCV x2  
  124  19:02  Cyclone x2  
  127  19:22  SCV x2  
  127  19:23  SCV x2  
  133  19:34  SCV  
  131  19:44  Viking  
  131  19:45  Viking  
  138  19:48  Viking x3  
  131  20:10  Refinery  
  131  20:11  Refinery  
  131  20:14  Viking  
  131  20:15  Viking  
  131  20:18  Viking x2  
  137  20:28  Viking  
  137  20:30  Hellion x3  
  103  20:44  Viking  
  103  20:45  Viking  
  103  20:48  Viking  
  103  20:50  Hellion x2  
  103  20:51  Hellion  
  109  20:57  Cyclone  

Tags
 
Add a new tag
Caveats
  • Supply blocks, unpowered buildings, or Contaminate may cause inaccurate times.
  • Supply counts are checked every 10 seconds.